Anaheim Ducks vs Buffalo Sabres

Created - lundi, 19 février 2024 at 19:00

Goals
1 2 3 T
Anaheim Ducks 0 3 2 5
Buffalo Sabres 3 0 0 3
Shots
1 2 3 T
Anaheim Ducks 5 12 17 34
Buffalo Sabres 16 9 10 35

1st period

1. Buffalo Sabres , Dylan Cozens 17 (Tomas Hertl 36, Alex Tuch 34) at 6:54 (PP)
2. Buffalo Sabres , Henri Jokiharju 9 (Nicklas Backstrom 15, Kyle Okposo 16) at 9:04
3. Buffalo Sabres , Marcus Johansson 9 (Nicklas Backstrom 16, Colin Miller 11) at 18:13

Penalties :
Cam Fowler (ANA) for Hooking (Minor) at 6:07, Dylan Gambrell (BUF) for Roughing (Minor) at 15:56, Rickard Rakell (ANA) for Roughing (Minor) at 15:56

2nd period

4. Anaheim Ducks , Ryan Lomberg 3 (David Savard 19, Cam Fowler 43) at 3:00
5. Anaheim Ducks , Sam Lafferty 14 (Calle Jarnkrok 19, Cam Fowler 44) at 5:49
6. Anaheim Ducks , Pavel Zacha 7 (Rickard Rakell 16, David Savard 20) at 16:45

Penalties :
David Savard (ANA) for Holding Stick (Minor) at 3:03, Ryan Strome (BUF) for Fighting (Major) at 7:14, Sam Lafferty (ANA) for Fighting (Major) at 7:14, Dylan Cozens (BUF) for Cross-checking (Minor) at 13:13, Rickard Rakell (ANA) for Holding (Minor) at 19:47

3rd period

7. Anaheim Ducks , Rickard Rakell 18 (Brayden McNabb 12) at 7:25
8. Anaheim Ducks , Pavel Zacha 8 (Rickard Rakell 17, Viktor Arvidsson 20) at 19:25 (Empty Net)

Penalties :
Viktor Arvidsson (ANA) for Holding (Minor) at 3:26, Kyle Okposo (BUF) for High sticking (Minor) at 9:11, Mattias Samuelsson (BUF) for Slashing (Minor) at 19:35

Goalie Stats

Martin Jones (ANA), 5 saves from 5 shots - (1.000), W, 21-19-4, 13:31 minutes
Michael Hutchinson (ANA), 27 saves from 30 shots - (0.900), 46:29 minutes
Karel Vejmelka (BUF), 29 saves from 33 shots - (0.879), L, 13-6-1, 59:36 minutes

Players Stats for Anaheim Ducks

Player Name              G  A  P  +/- PIM S  H  SB GA TA FO     MP     PP MP  PK MP  
------------------------------------------------------------------------------------
Brayden McNabb           0  1  1  -1  0   0  0  2  0  0  0/0    15:58   0:00   0:28 
Brett Howden             0  0  0   0  0   0  1  0  0  0  1/2    11:41   0:00   0:00 
Calle Jarnkrok           0  1  1   0  0   1  0  0  0  0  3/14   14:26   0:00   2:45 
Cam Fowler               0  2  2   3  2   2  0  2  0  0  0/0    23:25   2:19   3:50 
Chandler Stephenson      0  0  0  -1  0   3  1  2  0  0  4/8    20:15   1:50   3:45 
David Savard             0  2  2   3  2   1  2  4  0  0  0/0    22:24   2:19   2:55 
J.T. Miller              0  0  0  -1  0   4  2  1  0  0  9/19   17:47   2:32   0:34 
Jani Hakanpaa            0  0  0  -1  0   1  4  0  0  0  0/0    15:58   0:00   0:28 
Jordan Kyrou             0  0  0  -1  0   4  0  0  0  0  1/3    20:16   1:50   3:39 
Lukas Sedlak             0  0  0   1  0   0  1  0  0  0  0/0     9:09   0:00   0:00 
Neal Pionk               0  0  0   1  0   1  3  0  0  0  0/0    20:26   2:03   2:54 
Pavel Zacha              2  0  2   3  0   3  1  0  0  0  9/24   17:23   1:50   0:00 
Rickard Rakell           1  2  3   3  4   3  4  0  0  0  1/6    15:28   2:32   0:14 
Ryan Lomberg             1  0  1   1  0   1  0  0  0  0  0/0     9:09   0:00   0:00 
Sam Lafferty             1  0  1   0  5   4  0  0  0  0  1/1     9:31   0:00   0:00 
Scott Mayfield           0  0  0   1  0   2  2  1  0  0  0/0    20:11   2:03   2:39 
Steven Lorentz           0  0  0   1  0   0  0  0  0  0  4/13   11:54   0:00   2:45 
Viktor Arvidsson         0  1  1   3  2   4  4  0  0  0  0/1    15:50   2:32   0:00 

Players Stats for Buffalo Sabres

Player Name              G  A  P  +/- PIM S  H  SB GA TA FO     MP     PP MP  PK MP  
------------------------------------------------------------------------------------
Alex Tuch                0  1  1   0  0   2  0  0  0  0  0/1    16:54   3:31   0:00 
Colin Miller             0  1  1  -2  0   1  0  0  0  0  0/0    19:38   3:06   0:58 
Dylan Cozens             1  0  1  -2  2   4  0  0  0  0  9/14   17:20   3:15   0:00 
Dylan Gambrell           0  0  0   0  2   3  1  1  0  0  0/1    11:49   0:00   2:18 
Erik Johnson             0  0  0   0  0   0  3  1  0  0  0/0    17:12   0:00   1:36 
Evander Kane             0  0  0  -3  0   4  2  1  0  0  1/2    18:51   3:13   0:58 
Henri Jokiharju          1  0  1   1  0   4  1  2  0  0  0/0    21:12   3:07   1:49 
Ilya Lyubushkin          0  0  0  -2  0   0  2  0  0  0  0/0    19:25   2:52   0:40 
Jeff Skinner             0  0  0   0  0   2  1  0  0  0  1/2    14:30   0:00   0:38 
Justin Holl              0  0  0  -2  0   0  1  1  0  0  0/0    18:33   0:40   1:49 
Kyle Okposo              0  1  1  -1  2   3  1  0  0  0  0/0    12:00   0:00   0:50 
Marcus Johansson         1  0  1  -1  0   2  1  0  0  0  1/1    13:02   0:18   0:00 
Mark Jankowski           0  0  0   0  0   1  1  1  0  0  3/5    11:50   0:00   2:18 
Mattias Samuelsson       0  0  0  -1  2   0  2  1  0  0  0/0    22:03   3:43   1:44 
Nick Bonino              0  0  0   0  0   2  0  0  0  0  14/25  12:22   0:00   1:50 
Nicklas Backstrom        0  2  2   0  0   3  1  0  0  0  12/17  14:03   3:11   0:00 
Ryan Strome              0  0  0  -2  5   0  0  1  0  0  1/1    15:06   3:13   0:00 
Tomas Hertl              0  1  1   0  0   4  0  0  0  0  16/22  17:44   3:31   0:00 

3 Stars

1 - Pavel Zacha (ANA)
2 - Rickard Rakell (ANA)
3 - David Savard (ANA)

Power Play

Anaheim Ducks - 0 on 3 Attempt(s) - 0.00%
Buffalo Sabres - 1 on 4 Attempt(s) - 25.00%

Penalty Kill

Anaheim Ducks - 3 on 4 Attempt(s) - 75.00% - Score 0 goal in Penalty Kill
Buffalo Sabres - 3 on 3 Attempt(s) - 100.00% - Score 0 goal in Penalty Kill

Team Stat

Anaheim Ducks - Hits : 25 - Faceoff Wins : 33 - Blocked Shots : 12 - Penalty Minutes : 15
Buffalo Sabres - Hits : 17 - Faceoff Wins : 58 - Blocked Shots : 9 - Penalty Minutes : 13

Official

Referees : Ian Walsh and Garrett Rank
Linesman : Bryan Pancich and Scott Cherrey

Game Notes

Sam Lafferty beats up Ryan Strome at 7:14 of 2nd period
Michael Hutchinson is injured at 6:29 of 3rd period (Dislocated Patella)
Martin Jones enters game at 6:29 of 3rd period
Pavel Zacha has scored in a empty net!

Finance

Level 1 -- Attendance: 9642 (96.42%) -- Ticket Income $ 858 138
Level 2 -- Attendance: 1705 (85.25%) -- Ticket Income $ 127 875
Level 3 -- Attendance: 3500 (100.00%) -- Ticket Income $ 154 000
Level 4 -- Attendance: 1378 (95.03%) -- Ticket Income $ 39 962
Luxury Box -- Attendance: 45 (90.00%) -- Ticket Income $ 9 855
Game was played at the KeyBank Center.
Total Attendance: 16270 (95.71%)
Total Ticket Income: $ 1 189 830
Total Income: $ 1 189 830

Anaheim Ducks

5 vs 5 Forward 
   Center                   Left Wing                Right Wing               Time % Phy DF OF 
 1 J.T. Miller              Chandler Stephenson      Jordan Kyrou             30     1   2  2  
 2 Pavel Zacha              Rickard Rakell           Viktor Arvidsson         30     1   2  2  
 3 Calle Jarnkrok           Sam Lafferty             Brett Howden             25     1   2  2  
 4 Steven Lorentz           Ryan Lomberg             Lukas Sedlak             15     1   2  2  

5 vs 5 Defense 
   Defense                  Defense                                           Time % Phy DF OF 
 1 Cam Fowler               David Savard                                      35     1   2  2  
 2 Jani Hakanpaa            Brayden McNabb                                    35     1   2  2  
 3 Neal Pionk               Scott Mayfield                                    30     1   2  2  
 4 Cam Fowler               David Savard                                      0      1   2  2  

PowerPlay Forward 
   Center                   Left Wing                Right Wing               Time % Phy DF OF 
 1 Pavel Zacha              Chandler Stephenson      Jordan Kyrou             50     1   2  2  
 2 Rickard Rakell           J.T. Miller              Viktor Arvidsson         50     1   2  2  

PowerPlay Defense
   Defense                  Defense                                           Time % Phy DF OF 
 1 Cam Fowler               David Savard                                      50     1   2  2  
 2 Neal Pionk               Scott Mayfield                                    50     1   2  2  

Penalty Kill 4 Players Forward 
   Center                   Wing                     Time % Phy DF OF 
 1 Calle Jarnkrok           Steven Lorentz           50     1   2  2  
 2 Chandler Stephenson      Jordan Kyrou             50     1   2  2  

Penalty Kill 4 Players Defense
   Defense                  Defense                  Time % Phy DF OF 
 1 Cam Fowler               David Savard             50     1   2  2  
 2 Neal Pionk               Scott Mayfield           50     1   2  2  

Penalty Kill - 3 Players Forward 
   Forward                                           Time % Phy DF OF 
 1 Calle Jarnkrok                                    50     1   2  2  
 2 Chandler Stephenson                               50     1   2  2  

Penalty Kill - 3 Players Defense
   Defense                  Defense                  Time % Phy DF OF 
 1 Cam Fowler               David Savard             50     1   2  2  
 2 Neal Pionk               Scott Mayfield           50     1   2  2  

4 vs 4 Forward 
   Center                   Wing                     Time % Phy DF OF 
 1 Pavel Zacha              Chandler Stephenson      50     1   2  2  
 2 Jordan Kyrou             Steven Lorentz           50     1   2  2  

4 vs 4 Defense
   Defense                  Defense                  Time % Phy DF OF 
 1 Cam Fowler               David Savard             50     1   2  2  
 2 Neal Pionk               Scott Mayfield           50     1   2  2  

Last Minutes Offensive
   Center                   Left Wing                Right Wing               Defense                  Defense                  
   J.T. Miller              Chandler Stephenson      Jordan Kyrou             Cam Fowler               David Savard             

Last Minutes Defensive
   Center                   Left Wing                Right Wing               Defense                  Defense                  
   J.T. Miller              Chandler Stephenson      Jordan Kyrou             Cam Fowler               David Savard             

Goaltenders
Starting : Michael Hutchinson       
Backup : Martin Jones             

Extra Forwards
Normal : Pavel Zacha, Jordan Kyrou, Steven Lorentz - PP : Pavel Zacha, Chandler Stephenson - PK : Steven Lorentz
Extra Defensemen
Normal : Cam Fowler, Jani Hakanpaa, Neal Pionk - PP : David Savard - PK : Jani Hakanpaa, Neal Pionk
Penalty Shots
Pavel Zacha, Chandler Stephenson, Jordan Kyrou, J.T. Miller, Viktor Arvidsson
Custom OT Lines Forwards
J.T. Miller, Chandler Stephenson, Jordan Kyrou, Sam Lafferty, Viktor Arvidsson, Rickard Rakell, Pavel Zacha, Calle Jarnkrok, Lukas Sedlak, Steven Lorentz
Custom OT Lines Defensemen
Cam Fowler, David Savard, Neal Pionk, Scott Mayfield, Jani Hakanpaa

Scratches
Scott Harrington (Healthy), Scott Wedgewood (Severed Left Wrist Tendons Injury)

Buffalo Sabres

5 vs 5 Forward 
   Center                   Left Wing                Right Wing               Time % Phy DF OF 
 1 Tomas Hertl              Jeff Skinner             Alex Tuch                28     0   1  4  
 2 Dylan Cozens             Evander Kane             Ryan Strome              27     0   2  3  
 3 Nicklas Backstrom        Marcus Johansson         Kyle Okposo              24     1   2  2  
 4 Nick Bonino              Mark Jankowski           Dylan Gambrell           21     1   3  1  

5 vs 5 Defense 
   Defense                  Defense                                           Time % Phy DF OF 
 1 Mattias Samuelsson       Colin Miller                                      34     1   3  1  
 2 Erik Johnson             Henri Jokiharju                                   33     1   3  1  
 3 Ilya Lyubushkin          Justin Holl                                       33     1   3  1  
 4 Ilya Lyubushkin          Justin Holl                                       0      1   3  1  

PowerPlay Forward 
   Center                   Left Wing                Right Wing               Time % Phy DF OF 
 1 Tomas Hertl              Alex Tuch                Dylan Cozens             50     1   1  3  
 2 Nicklas Backstrom        Evander Kane             Ryan Strome              50     1   1  3  

PowerPlay Defense
   Defense                  Defense                                           Time % Phy DF OF 
 1 Ilya Lyubushkin          Henri Jokiharju                                   50     0   2  3  
 2 Mattias Samuelsson       Colin Miller                                      50     0   2  3  

Penalty Kill 4 Players Forward 
   Center                   Wing                     Time % Phy DF OF 
 1 Mark Jankowski           Dylan Gambrell           50     0   5  0  
 2 Nick Bonino              Kyle Okposo              50     0   5  0  

Penalty Kill 4 Players Defense
   Defense                  Defense                  Time % Phy DF OF 
 1 Mattias Samuelsson       Erik Johnson             50     0   5  0  
 2 Henri Jokiharju          Justin Holl              50     0   5  0  

Penalty Kill - 3 Players Forward 
   Forward                                           Time % Phy DF OF 
 1 Mark Jankowski                                    50     0   5  0  
 2 Nick Bonino                                       50     0   5  0  

Penalty Kill - 3 Players Defense
   Defense                  Defense                  Time % Phy DF OF 
 1 Mattias Samuelsson       Erik Johnson             50     0   5  0  
 2 Henri Jokiharju          Justin Holl              50     0   5  0  

4 vs 4 Forward 
   Center                   Wing                     Time % Phy DF OF 
 1 Tomas Hertl              Dylan Cozens             50     1   2  2  
 2 Nick Bonino              Evander Kane             50     1   2  2  

4 vs 4 Defense
   Defense                  Defense                  Time % Phy DF OF 
 1 Mattias Samuelsson       Justin Holl              50     1   2  2  
 2 Ilya Lyubushkin          Henri Jokiharju          50     1   2  2  

Last Minutes Offensive
   Center                   Left Wing                Right Wing               Defense                  Defense                  
   Tomas Hertl              Jeff Skinner             Alex Tuch                Mattias Samuelsson       Colin Miller             

Last Minutes Defensive
   Center                   Left Wing                Right Wing               Defense                  Defense                  
   Nick Bonino              Dylan Gambrell           Mark Jankowski           Mattias Samuelsson       Henri Jokiharju          

Goaltenders
Starting : Karel Vejmelka           
Backup : Linus Ullmark            

Extra Forwards
Normal : Evander Kane, Ryan Strome, Tomas Hertl - PP : Dylan Cozens, Marcus Johansson - PK : Evander Kane
Extra Defensemen
Normal : Henri Jokiharju, Mattias Samuelsson, Ilya Lyubushkin - PP : Justin Holl - PK : Ilya Lyubushkin, Colin Miller
Penalty Shots
Alex Tuch, Jeff Skinner, Dylan Cozens, Evander Kane, Tomas Hertl
Custom OT Lines Forwards
Tomas Hertl, Alex Tuch, Dylan Cozens, Evander Kane, Ryan Strome, Jeff Skinner, Nicklas Backstrom, Marcus Johansson, Nick Bonino, Kyle Okposo
Custom OT Lines Defensemen
Mattias Samuelsson, Colin Miller, Henri Jokiharju, Justin Holl, Ilya Lyubushkin

Scratches
Jake McCabe (Healthy), Zemgus Girgensons (Healthy), Casey Fitzgerald (Healthy)

% Time on Ice - Anaheim Ducks

Lines # - Real PCT - Wanted PCT - Time Play
Normal Forward
1 - 29% - 30% - 13:30
2 - 27% - 30% - 12:35
3 - 25% - 25% - 11:41
4 - 20% - 15% - 9:09
Normal Defense
1 - 34% - 35% - 16:03
2 - 33% - 35% - 15:16
3 - 33% - 30% - 15:29
4 - 0% - 0% - 0:07
PP Forward
1 - 42% - 50% - 1:50
2 - 58% - 50% - 2:32
PP Defense
1 - 53% - 50% - 2:19
2 - 47% - 50% - 2:03
PK Forward
1 - 41% - 50% - 2:45
2 - 59% - 50% - 3:59
PK Defense
1 - 73% - 50% - 4:54
2 - 27% - 50% - 1:50
PK3 Forward
1 - 0% - 50%
2 - 0% - 50%
PK3 Defense
1 - 0% - 50%
2 - 0% - 50%
44 Forward
1 - 88% - 50% - 1:45
2 - 12% - 50% - 0:14
44 Defense
1 - 100% - 50% - 1:59
2 - 0% - 50% - 0:00
Last Minute Offensive  - 0:00
Last Minute Defensive  - 0:00
Total
Forward - 60:00
Defense - 60:00

% Time on Ice - Buffalo Sabres

Lines # - Real PCT - Wanted PCT - Time Play
Normal Forward
1 - 28% - 28% - 13:05
2 - 28% - 27% - 13:07
3 - 24% - 24% - 11:11
4 - 20% - 21% - 9:32
Normal Defense
1 - 33% - 34% - 15:43
2 - 34% - 33% - 16:09
3 - 32% - 33% - 15:03
4 - 0% - 0% - 0:00
PP Forward
1 - 52% - 50% - 3:31
2 - 48% - 50% - 3:13
PP Defense
1 - 54% - 50% - 3:40
2 - 46% - 50% - 3:04
PK Forward
1 - 53% - 50% - 2:18
2 - 47% - 50% - 2:04
PK Defense
1 - 58% - 50% - 2:33
2 - 42% - 50% - 1:49
PK3 Forward
1 - 0% - 50%
2 - 0% - 50%
PK3 Defense
1 - 0% - 50%
2 - 0% - 50%
44 Forward
1 - 50% - 50% - 0:59
2 - 50% - 50% - 1:00
44 Defense
1 - 50% - 50% - 1:00
2 - 50% - 50% - 0:59
Last Minute Offensive  - 0:00
Last Minute Defensive  - 0:00
Total
Forward - 60:00
Defense - 60:00

Play-by-Play

1st period


0:01 of 1st period - Tomas Hertl wins face-off versus J.T. Miller in neutral zone.
0:52 of 1st period - J.T. Miller is hit by Erik Johnson and loses puck.
1:09 of 1st period - Rickard Rakell is hit by Erik Johnson and loses puck.
1:39 of 1st period - Off-side.
1:40 of 1st period - Sam Lafferty wins face-off versus Nick Bonino in neutral zone.
2:03 of 1st period - Shot by Dylan Gambrell.
2:03 of 1st period - Stopped by Michael Hutchinson with a rebound.
2:05 of 1st period - Shot by Nick Bonino.
2:05 of 1st period - Deflect By Dylan Gambrell.
2:05 of 1st period - Shot Misses the Net.
2:07 of 1st period - Shot by Mark Jankowski.
2:07 of 1st period - Deflect By Nick Bonino.
2:07 of 1st period - Stopped by Michael Hutchinson with a rebound.
2:28 of 1st period - Icing by Mattias Samuelsson.
2:29 of 1st period - Nicklas Backstrom wins face-off versus Steven Lorentz in Buffalo Sabres zone.
2:33 of 1st period - Off-side.
2:34 of 1st period - Tomas Hertl wins face-off versus Steven Lorentz in neutral zone.
2:39 of 1st period - Shot by Tomas Hertl.
2:39 of 1st period - Stopped by Michael Hutchinson without a rebound.
2:40 of 1st period - Marcus Johansson wins face-off versus Pavel Zacha in Anaheim Ducks zone.
2:57 of 1st period - Henri Jokiharju is hit by Viktor Arvidsson and loses puck.
3:25 of 1st period - Cam Fowler is hit by Marcus Johansson and loses puck.
4:32 of 1st period - Shot by Alex Tuch.
4:32 of 1st period - Shot Hit the Post.
4:39 of 1st period - Jeff Skinner is hit by Scott Mayfield and loses puck.
4:52 of 1st period - Shot by Jeff Skinner.
4:52 of 1st period - Stopped by Michael Hutchinson without a rebound.
4:53 of 1st period - J.T. Miller wins face-off versus Dylan Gambrell in Anaheim Ducks zone.
5:07 of 1st period - Jordan Kyrou is hit by Mattias Samuelsson and loses puck.
5:50 of 1st period - Off-side.
5:51 of 1st period - Nicklas Backstrom wins face-off versus Steven Lorentz in neutral zone.
6:04 of 1st period - Shot by Nicklas Backstrom.
6:04 of 1st period - Shot Misses the Net.
6:07 of 1st period - Minor Penalty to Cam Fowler for Hooking.
6:08 of 1st period - Calle Jarnkrok wins face-off versus Tomas Hertl in Anaheim Ducks zone.
6:16 of 1st period - Off-side.
6:17 of 1st period - Ryan Strome wins face-off versus Calle Jarnkrok in neutral zone.
6:42 of 1st period - Shot by Evander Kane.
6:42 of 1st period - Stopped by Michael Hutchinson without a rebound.
6:43 of 1st period - Tomas Hertl wins face-off versus Chandler Stephenson in Anaheim Ducks zone.
6:54 of 1st period - Shot by Dylan Cozens.
6:54 of 1st period - The goal is going for a video replay.
6:54 of 1st period - The goal is good.
6:54 of 1st period - Goal by Dylan Cozens - Anaheim Ducks : 0 - Buffalo Sabres : 1.
6:55 of 1st period - Pavel Zacha wins face-off versus Nick Bonino in neutral zone.
7:22 of 1st period - Shot by Viktor Arvidsson.
7:22 of 1st period - Deflect By Rickard Rakell.
7:22 of 1st period - Stopped by Karel Vejmelka with a rebound.
7:31 of 1st period - Off-side.
7:32 of 1st period - Calle Jarnkrok wins face-off versus Jeff Skinner in neutral zone.
7:34 of 1st period - Scott Mayfield is hit by Jeff Skinner and loses puck.
7:47 of 1st period - Shot by Calle Jarnkrok.
7:47 of 1st period - Shot Misses the Net.
7:49 of 1st period - Shot by Sam Lafferty.
7:49 of 1st period - Stopped by Karel Vejmelka with a rebound.
8:25 of 1st period - J.T. Miller is hit by Evander Kane and loses puck.
9:00 of 1st period - Shot by Kyle Okposo.
9:00 of 1st period - Deflect By Nicklas Backstrom.
9:00 of 1st period - Shot Blocked by Brayden McNabb.
9:02 of 1st period - Shot by Henri Jokiharju.
9:02 of 1st period - Stopped by Michael Hutchinson with a rebound.
9:04 of 1st period - Shot by Henri Jokiharju.
9:04 of 1st period - Goal by Henri Jokiharju - Anaheim Ducks : 0 - Buffalo Sabres : 2.
9:05 of 1st period - Nick Bonino wins face-off versus Pavel Zacha in neutral zone.
9:26 of 1st period - Shot by Nick Bonino.
9:26 of 1st period - Shot Blocked by David Savard.
9:28 of 1st period - Shot by Mark Jankowski.
9:28 of 1st period - Shot Misses the Net.
9:53 of 1st period - Shot by Nicklas Backstrom.
9:53 of 1st period - Shot Misses the Net.
9:58 of 1st period - Marcus Johansson is hit by Neal Pionk and loses puck.
10:09 of 1st period - Shot by Calle Jarnkrok.
10:09 of 1st period - Deflect By Sam Lafferty.
10:09 of 1st period - Stopped by Karel Vejmelka without a rebound.
10:10 of 1st period - Steven Lorentz wins face-off versus Dylan Cozens in Buffalo Sabres zone.
11:01 of 1st period - Jeff Skinner is hit by Scott Mayfield.
12:21 of 1st period - Shot by Kyle Okposo.
12:21 of 1st period - Shot Misses the Net.
12:23 of 1st period - Shot by Marcus Johansson.
12:23 of 1st period - Shot Misses the Net.
12:43 of 1st period - Shot by Dylan Cozens.
12:43 of 1st period - Shot Misses the Net.
12:45 of 1st period - Shot by Henri Jokiharju.
12:45 of 1st period - Stopped by Michael Hutchinson with a rebound.
12:51 of 1st period - Shot by Ryan Strome.
12:51 of 1st period - Shot Misses the Net.
12:53 of 1st period - Shot by Evander Kane.
12:53 of 1st period - Deflect By Dylan Cozens.
12:53 of 1st period - Stopped by Michael Hutchinson with a rebound.
12:55 of 1st period - Shot by Mattias Samuelsson.
12:55 of 1st period - Shot Blocked by Scott Mayfield.
13:09 of 1st period - Shot by Tomas Hertl.
13:09 of 1st period - Stopped by Michael Hutchinson with a rebound.
13:15 of 1st period - Shot by Alex Tuch.
13:15 of 1st period - Stopped by Michael Hutchinson without a rebound.
13:16 of 1st period - Nick Bonino wins face-off versus J.T. Miller in Anaheim Ducks zone.
13:16 of 1st period - Mark Jankowski is hit by Jani Hakanpaa and loses puck.
13:27 of 1st period - Shot by Dylan Gambrell.
13:27 of 1st period - Shot Misses the Net.
13:29 of 1st period - Shot by Dylan Gambrell.
13:29 of 1st period - Shot Blocked by Brayden McNabb.
13:31 of 1st period - Shot by Mark Jankowski.
13:31 of 1st period - Shot Misses the Net.
14:27 of 1st period - Shot by Calle Jarnkrok.
14:27 of 1st period - Deflect By Sam Lafferty.
14:27 of 1st period - Shot Blocked by Erik Johnson.
15:56 of 1st period - Minor Penalty to Dylan Gambrell for Roughing.
15:56 of 1st period - Minor Penalty to Rickard Rakell for Roughing.
15:57 of 1st period - Pavel Zacha wins face-off versus Nick Bonino in Anaheim Ducks zone.
16:02 of 1st period - Shot by J.T. Miller.
16:02 of 1st period - Stopped by Karel Vejmelka without a rebound.
16:03 of 1st period - Nick Bonino wins face-off versus Pavel Zacha in Buffalo Sabres zone.
16:20 of 1st period - Shot by Pavel Zacha.
16:20 of 1st period - Stopped by Karel Vejmelka without a rebound.
16:21 of 1st period - Jeff Skinner wins face-off versus Pavel Zacha in Buffalo Sabres zone.
16:25 of 1st period - Dylan Cozens is hit by Viktor Arvidsson and loses puck.
16:39 of 1st period - Shot by Jeff Skinner.
16:39 of 1st period - Shot Misses the Net.
16:49 of 1st period - Shot by Dylan Cozens.
16:49 of 1st period - Stopped by Michael Hutchinson without a rebound.
16:50 of 1st period - J.T. Miller wins face-off versus Nick Bonino in Anaheim Ducks zone.
16:52 of 1st period - Icing by Chandler Stephenson.
16:53 of 1st period - Nick Bonino wins face-off versus J.T. Miller in Anaheim Ducks zone.
17:05 of 1st period - Shot by Nick Bonino.
17:05 of 1st period - Shot Misses the Net.
17:07 of 1st period - Shot by Mattias Samuelsson.
17:07 of 1st period - Shot Misses the Net.
17:11 of 1st period - Shot by Evander Kane.
17:11 of 1st period - Stopped by Michael Hutchinson without a rebound.
17:12 of 1st period - Tomas Hertl wins face-off versus Pavel Zacha in Anaheim Ducks zone.
17:37 of 1st period - Shot by Dylan Cozens.
17:37 of 1st period - Shot Misses the Net.
17:39 of 1st period - Shot by Tomas Hertl.
17:39 of 1st period - Shot Misses the Net.
17:41 of 1st period - Shot by Tomas Hertl.
17:41 of 1st period - Stopped by Michael Hutchinson without a rebound.
17:42 of 1st period - Nick Bonino wins face-off versus Jordan Kyrou in Anaheim Ducks zone.
18:13 of 1st period - Shot by Nicklas Backstrom.
18:13 of 1st period - Deflect By Marcus Johansson.
18:13 of 1st period - Goal by Marcus Johansson - Anaheim Ducks : 0 - Buffalo Sabres : 3.
18:14 of 1st period - Tomas Hertl wins face-off versus J.T. Miller in neutral zone.
18:17 of 1st period - Shot by Jeff Skinner.
18:17 of 1st period - Deflect By Alex Tuch.
18:17 of 1st period - Shot Misses the Net.
18:25 of 1st period - Shot by Alex Tuch.
18:25 of 1st period - Deflect By Jeff Skinner.
18:25 of 1st period - Shot Blocked by David Savard.
19:44 of 1st period - Shot by Viktor Arvidsson.
19:44 of 1st period - Shot Misses the Net.
Goals for this period are 0 for Anaheim Ducks vs 3 for Buffalo Sabres.
Shots for this period are 5 for Anaheim Ducks vs 16 for Buffalo Sabres.

2nd period


0:01 of 2nd period - Nicklas Backstrom wins face-off versus Pavel Zacha in neutral zone.
0:01 of 2nd period - Nicklas Backstrom is hit by Rickard Rakell.
0:19 of 2nd period - Shot by Viktor Arvidsson.
0:19 of 2nd period - Shot Misses the Net.
0:31 of 2nd period - Shot by Marcus Johansson.
0:31 of 2nd period - Stopped by Michael Hutchinson without a rebound.
0:32 of 2nd period - Tomas Hertl wins face-off versus Calle Jarnkrok in Anaheim Ducks zone.
1:33 of 2nd period - Mark Jankowski is hit by J.T. Miller and loses puck.
2:21 of 2nd period - Justin Holl is hit by Viktor Arvidsson and loses puck.
2:28 of 2nd period - Shot by Viktor Arvidsson.
2:28 of 2nd period - Stopped by Karel Vejmelka with a rebound.
2:38 of 2nd period - Shot by Rickard Rakell.
2:38 of 2nd period - Shot Misses the Net.
3:00 of 2nd period - Shot by Ryan Lomberg.
3:00 of 2nd period - Goal by Ryan Lomberg - Anaheim Ducks : 1 - Buffalo Sabres : 3.
3:01 of 2nd period - Dylan Cozens wins face-off versus Calle Jarnkrok in neutral zone.
3:03 of 2nd period - Minor Penalty to David Savard for Holding Stick.
3:04 of 2nd period - Tomas Hertl wins face-off versus Calle Jarnkrok in Anaheim Ducks zone.
3:29 of 2nd period - Shot by Mattias Samuelsson.
3:29 of 2nd period - Shot Misses the Net.
3:31 of 2nd period - Shot by Mattias Samuelsson.
3:31 of 2nd period - Shot Blocked by Cam Fowler.
4:40 of 2nd period - Icing by Tomas Hertl.
4:41 of 2nd period - Chandler Stephenson wins face-off versus Alex Tuch in Buffalo Sabres zone.
4:56 of 2nd period - Shot by Dylan Cozens.
4:56 of 2nd period - Shot Misses the Net.
5:30 of 2nd period - Shot by Mark Jankowski.
5:30 of 2nd period - Stopped by Michael Hutchinson without a rebound.
5:31 of 2nd period - Evander Kane wins face-off versus Calle Jarnkrok in Anaheim Ducks zone.
5:36 of 2nd period - Shot by Kyle Okposo.
5:36 of 2nd period - Stopped by Michael Hutchinson with a rebound.
5:47 of 2nd period - Shot by Calle Jarnkrok.
5:47 of 2nd period - Shot Misses the Net.
5:49 of 2nd period - Shot by Sam Lafferty.
5:49 of 2nd period - Goal by Sam Lafferty - Anaheim Ducks : 2 - Buffalo Sabres : 3.
5:50 of 2nd period - Tomas Hertl wins face-off versus Steven Lorentz in neutral zone.
6:07 of 2nd period - Icing by Alex Tuch.
6:08 of 2nd period - Tomas Hertl wins face-off versus Pavel Zacha in Buffalo Sabres zone.
6:19 of 2nd period - Shot by Alex Tuch.
6:19 of 2nd period - Shot Blocked by Cam Fowler.
6:25 of 2nd period - Alex Tuch is hit by Rickard Rakell and loses puck.
7:01 of 2nd period - Shot by Jordan Kyrou.
7:01 of 2nd period - Stopped by Karel Vejmelka with a rebound.
7:13 of 2nd period - Shot by Chandler Stephenson.
7:13 of 2nd period - Stopped by Karel Vejmelka without a rebound.
7:14 of 2nd period - Dylan Cozens wins face-off versus Calle Jarnkrok in Buffalo Sabres zone.
7:14 of 2nd period - Sam Lafferty beats up Ryan Strome.
7:14 of 2nd period - Penalty to Ryan Strome for Fighting.
7:14 of 2nd period - Penalty to Sam Lafferty for Fighting.
7:15 of 2nd period - Dylan Cozens wins face-off versus Calle Jarnkrok in Buffalo Sabres zone.
8:54 of 2nd period - Shot by Nicklas Backstrom.
8:54 of 2nd period - Stopped by Michael Hutchinson without a rebound.
8:55 of 2nd period - Steven Lorentz wins face-off versus Dylan Cozens in Anaheim Ducks zone.
9:03 of 2nd period - Icing by Henri Jokiharju.
9:04 of 2nd period - Dylan Cozens wins face-off versus Steven Lorentz in Buffalo Sabres zone.
9:23 of 2nd period - Shot by Evander Kane.
9:23 of 2nd period - Stopped by Michael Hutchinson without a rebound.
9:24 of 2nd period - J.T. Miller wins face-off versus Nick Bonino in Anaheim Ducks zone.
9:24 of 2nd period - J.T. Miller is hit by Mark Jankowski.
9:36 of 2nd period - Off-side.
9:37 of 2nd period - Pavel Zacha wins face-off versus Tomas Hertl in neutral zone.
9:46 of 2nd period - Alex Tuch is hit by Rickard Rakell and loses puck.
9:51 of 2nd period - Shot by Neal Pionk.
9:51 of 2nd period - Shot Blocked by Mattias Samuelsson.
9:53 of 2nd period - Shot by Viktor Arvidsson.
9:53 of 2nd period - Stopped by Karel Vejmelka with a rebound.
10:00 of 2nd period - Icing by Mattias Samuelsson.
10:01 of 2nd period - Brett Howden wins face-off versus Tomas Hertl in Buffalo Sabres zone.
11:17 of 2nd period - Icing by Mattias Samuelsson.
11:18 of 2nd period - Pavel Zacha wins face-off versus Tomas Hertl in Buffalo Sabres zone.
11:27 of 2nd period - Shot by Viktor Arvidsson.
11:27 of 2nd period - Stopped by Karel Vejmelka without a rebound.
11:28 of 2nd period - J.T. Miller wins face-off versus Dylan Cozens in Buffalo Sabres zone.
11:47 of 2nd period - Shot by Evander Kane.
11:47 of 2nd period - Stopped by Michael Hutchinson without a rebound.
11:48 of 2nd period - Nick Bonino wins face-off versus Pavel Zacha in Anaheim Ducks zone.
11:55 of 2nd period - Shot by Dylan Gambrell.
11:55 of 2nd period - Stopped by Michael Hutchinson without a rebound.
11:56 of 2nd period - Nicklas Backstrom wins face-off versus Pavel Zacha in Anaheim Ducks zone.
12:27 of 2nd period - Henri Jokiharju is hit by Pavel Zacha and loses puck.
12:40 of 2nd period - Shot by Chandler Stephenson.
12:40 of 2nd period - Deflect By Jordan Kyrou.
12:40 of 2nd period - Shot Misses the Net.
12:42 of 2nd period - Shot by J.T. Miller.
12:42 of 2nd period - Shot Blocked by Henri Jokiharju.
12:44 of 2nd period - Shot by Jani Hakanpaa.
12:44 of 2nd period - Stopped by Karel Vejmelka without a rebound.
12:45 of 2nd period - Steven Lorentz wins face-off versus Dylan Cozens in Buffalo Sabres zone.
13:13 of 2nd period - Minor Penalty to Dylan Cozens for Cross-checking.
13:14 of 2nd period - J.T. Miller wins face-off versus Mark Jankowski in Buffalo Sabres zone.
13:37 of 2nd period - Kyle Okposo is hit by J.T. Miller and loses puck.
14:20 of 2nd period - Shot by Chandler Stephenson.
14:20 of 2nd period - Stopped by Karel Vejmelka without a rebound.
14:21 of 2nd period - Nick Bonino wins face-off versus Pavel Zacha in Buffalo Sabres zone.
14:36 of 2nd period - Jordan Kyrou is hit by Dylan Gambrell and loses puck.
15:00 of 2nd period - Icing by J.T. Miller.
15:01 of 2nd period - Nick Bonino wins face-off versus Rickard Rakell in Anaheim Ducks zone.
15:11 of 2nd period - Icing by J.T. Miller.
15:12 of 2nd period - Rickard Rakell wins face-off versus Nick Bonino in Anaheim Ducks zone.
15:16 of 2nd period - Brayden McNabb is hit by Ilya Lyubushkin and loses puck.
15:40 of 2nd period - Calle Jarnkrok is hit by Ilya Lyubushkin and loses puck.
16:12 of 2nd period - Alex Tuch is hit by Lukas Sedlak and loses puck.
16:35 of 2nd period - Shot by Jordan Kyrou.
16:35 of 2nd period - Stopped by Karel Vejmelka without a rebound.
16:36 of 2nd period - Pavel Zacha wins face-off versus Nicklas Backstrom in Buffalo Sabres zone.
16:36 of 2nd period - Cam Fowler is hit by Mattias Samuelsson and loses puck.
16:45 of 2nd period - Shot by Pavel Zacha.
16:45 of 2nd period - Goal by Pavel Zacha - Anaheim Ducks : 3 - Buffalo Sabres : 3.
16:46 of 2nd period - Nick Bonino wins face-off versus Jordan Kyrou in neutral zone.
16:59 of 2nd period - Shot by Nick Bonino.
16:59 of 2nd period - Shot Misses the Net.
17:13 of 2nd period - Shot by Mark Jankowski.
17:13 of 2nd period - Shot Blocked by Chandler Stephenson.
17:15 of 2nd period - Shot by Dylan Gambrell.
17:15 of 2nd period - Stopped by Michael Hutchinson without a rebound.
17:16 of 2nd period - Nicklas Backstrom wins face-off versus Pavel Zacha in Anaheim Ducks zone.
17:43 of 2nd period - Kyle Okposo is hit by David Savard and loses puck.
17:57 of 2nd period - Off-side.
17:58 of 2nd period - Tomas Hertl wins face-off versus J.T. Miller in neutral zone.
19:34 of 2nd period - Shot by Steven Lorentz.
19:34 of 2nd period - Deflect By Lukas Sedlak.
19:34 of 2nd period - Shot Blocked by Evander Kane.
19:36 of 2nd period - Shot by Cam Fowler.
19:36 of 2nd period - Stopped by Karel Vejmelka without a rebound.
19:37 of 2nd period - Pavel Zacha wins face-off versus Nick Bonino in Buffalo Sabres zone.
19:44 of 2nd period - Shot by Viktor Arvidsson.
19:44 of 2nd period - Shot Blocked by Dylan Gambrell.
19:47 of 2nd period - Minor Penalty to Rickard Rakell for Holding.
19:48 of 2nd period - Dylan Cozens wins face-off versus Chandler Stephenson in Anaheim Ducks zone.
19:53 of 2nd period - Shot by Tomas Hertl.
19:53 of 2nd period - Stopped by Michael Hutchinson without a rebound.
19:54 of 2nd period - Jordan Kyrou wins face-off versus Nicklas Backstrom in Anaheim Ducks zone.
19:54 of 2nd period - Jordan Kyrou is hit by Evander Kane.
Goals for this period are 3 for Anaheim Ducks vs 0 for Buffalo Sabres.
Shots for this period are 12 for Anaheim Ducks vs 9 for Buffalo Sabres.

3rd period


0:01 of 3rd period - Nicklas Backstrom wins face-off versus Steven Lorentz in neutral zone.
0:30 of 3rd period - Shot by Cam Fowler.
0:30 of 3rd period - Stopped by Karel Vejmelka without a rebound.
0:31 of 3rd period - Tomas Hertl wins face-off versus Calle Jarnkrok in Buffalo Sabres zone.
0:42 of 3rd period - Shot by Tomas Hertl.
0:42 of 3rd period - Shot Misses the Net.
0:44 of 3rd period - Shot by Henri Jokiharju.
0:44 of 3rd period - Shot Hit the Post.
0:46 of 3rd period - Shot by Alex Tuch.
0:46 of 3rd period - Stopped by Michael Hutchinson with a rebound.
1:04 of 3rd period - Shot by Alex Tuch.
1:04 of 3rd period - Shot Blocked by David Savard.
1:21 of 3rd period - Icing by Evander Kane.
1:22 of 3rd period - Chandler Stephenson wins face-off versus Nicklas Backstrom in Buffalo Sabres zone.
1:36 of 3rd period - Icing by Colin Miller.
1:37 of 3rd period - Nicklas Backstrom wins face-off versus Calle Jarnkrok in Buffalo Sabres zone.
1:42 of 3rd period - Neal Pionk is hit by Nicklas Backstrom and loses puck.
1:52 of 3rd period - Erik Johnson is hit by Jani Hakanpaa and loses puck.
2:00 of 3rd period - Nick Bonino is hit by Jani Hakanpaa and loses puck.
2:04 of 3rd period - Dylan Gambrell is hit by Jani Hakanpaa and loses puck.
2:15 of 3rd period - Shot by Mark Jankowski.
2:15 of 3rd period - Deflect By Nick Bonino.
2:15 of 3rd period - Stopped by Michael Hutchinson without a rebound.
2:16 of 3rd period - Tomas Hertl wins face-off versus J.T. Miller in Anaheim Ducks zone.
2:17 of 3rd period - Shot by Alex Tuch.
2:17 of 3rd period - Shot Blocked by David Savard.
2:37 of 3rd period - Shot by J.T. Miller.
2:37 of 3rd period - Stopped by Karel Vejmelka without a rebound.
2:38 of 3rd period - Calle Jarnkrok wins face-off versus Dylan Cozens in Buffalo Sabres zone.
3:26 of 3rd period - Minor Penalty to Viktor Arvidsson for Holding.
3:27 of 3rd period - Chandler Stephenson wins face-off versus Tomas Hertl in Anaheim Ducks zone.
3:31 of 3rd period - Cam Fowler is hit by Henri Jokiharju and loses puck.
3:42 of 3rd period - Shot by Chandler Stephenson.
3:42 of 3rd period - Stopped by Karel Vejmelka without a rebound.
3:43 of 3rd period - Tomas Hertl wins face-off versus Chandler Stephenson in Buffalo Sabres zone.
3:48 of 3rd period - Shot by Alex Tuch.
3:48 of 3rd period - Shot Misses the Net.
3:50 of 3rd period - Shot by Dylan Cozens.
3:50 of 3rd period - Stopped by Michael Hutchinson without a rebound.
3:51 of 3rd period - Nicklas Backstrom wins face-off versus Chandler Stephenson in Anaheim Ducks zone.
3:58 of 3rd period - Shot by Ryan Strome.
3:58 of 3rd period - Shot Misses the Net.
4:00 of 3rd period - Shot by Evander Kane.
4:00 of 3rd period - Shot Blocked by Chandler Stephenson.
4:02 of 3rd period - Shot by Henri Jokiharju.
4:02 of 3rd period - Stopped by Michael Hutchinson without a rebound.
4:03 of 3rd period - Tomas Hertl wins face-off versus Steven Lorentz in Anaheim Ducks zone.
4:54 of 3rd period - Icing by Henri Jokiharju.
4:55 of 3rd period - Chandler Stephenson wins face-off versus Nicklas Backstrom in Buffalo Sabres zone.
5:34 of 3rd period - Icing by Viktor Arvidsson.
5:35 of 3rd period - Pavel Zacha wins face-off versus Nick Bonino in Anaheim Ducks zone.
6:19 of 3rd period - Icing by Scott Mayfield.
6:20 of 3rd period - Steven Lorentz wins face-off versus Nicklas Backstrom in Anaheim Ducks zone.
6:20 of 3rd period - Steven Lorentz is hit by Kyle Okposo.
6:29 of 3rd period - Shot by Nicklas Backstrom.
6:29 of 3rd period - Stopped by Michael Hutchinson without a rebound.
6:29 of 3rd period - Michael Hutchinson from Anaheim Ducks is injured at 6:29 of 3rd period (Dislocated Patella).
6:29 of 3rd period - Martin Jones enters game.
6:30 of 3rd period - J.T. Miller wins face-off versus Tomas Hertl in Anaheim Ducks zone.
6:51 of 3rd period - Shot by Jordan Kyrou.
6:51 of 3rd period - Stopped by Karel Vejmelka without a rebound.
6:52 of 3rd period - Nicklas Backstrom wins face-off versus Calle Jarnkrok in Buffalo Sabres zone.
7:10 of 3rd period - Shot by Sam Lafferty.
7:10 of 3rd period - Deflect By Calle Jarnkrok.
7:10 of 3rd period - Stopped by Karel Vejmelka with a rebound.
7:12 of 3rd period - Shot by Scott Mayfield.
7:12 of 3rd period - Shot Blocked by Henri Jokiharju.
7:14 of 3rd period - Shot by Sam Lafferty.
7:14 of 3rd period - Stopped by Karel Vejmelka with a rebound.
7:16 of 3rd period - Shot by Scott Mayfield.
7:16 of 3rd period - Stopped by Karel Vejmelka without a rebound.
7:17 of 3rd period - Dylan Cozens wins face-off versus Pavel Zacha in Buffalo Sabres zone.
7:17 of 3rd period - Dylan Cozens is hit by Rickard Rakell.
7:25 of 3rd period - Shot by Rickard Rakell.
7:25 of 3rd period - Goal by Rickard Rakell - Anaheim Ducks : 4 - Buffalo Sabres : 3.
7:26 of 3rd period - J.T. Miller wins face-off versus Mark Jankowski in neutral zone.
7:40 of 3rd period - Chandler Stephenson is hit by Erik Johnson.
7:43 of 3rd period - Icing by Henri Jokiharju.
7:44 of 3rd period - Pavel Zacha wins face-off versus Nick Bonino in Buffalo Sabres zone.
7:50 of 3rd period - Off-side.
7:51 of 3rd period - Nicklas Backstrom wins face-off versus J.T. Miller in neutral zone.
7:56 of 3rd period - Shot by Marcus Johansson.
7:56 of 3rd period - Shot Misses the Net.
7:58 of 3rd period - Shot by Colin Miller.
7:58 of 3rd period - Stopped by Martin Jones with a rebound.
8:00 of 3rd period - Shot by Mattias Samuelsson.
8:00 of 3rd period - Shot Blocked by J.T. Miller.
8:02 of 3rd period - Shot by Kyle Okposo.
8:02 of 3rd period - Stopped by Martin Jones without a rebound.
8:03 of 3rd period - Dylan Cozens wins face-off versus Pavel Zacha in Anaheim Ducks zone.
8:21 of 3rd period - Rickard Rakell is hit by Justin Holl and loses puck.
8:33 of 3rd period - Icing by Dylan Cozens.
8:34 of 3rd period - Dylan Cozens wins face-off versus J.T. Miller in Buffalo Sabres zone.
8:34 of 3rd period - Dylan Cozens is hit by Chandler Stephenson.
8:41 of 3rd period - Justin Holl is hit by David Savard and loses puck.
9:02 of 3rd period - Shot by Nicklas Backstrom.
9:02 of 3rd period - Stopped by Martin Jones with a rebound.
9:11 of 3rd period - Minor Penalty to Kyle Okposo for High sticking.
9:12 of 3rd period - Mark Jankowski wins face-off versus Rickard Rakell in Buffalo Sabres zone.
9:39 of 3rd period - Shot by Rickard Rakell.
9:39 of 3rd period - Shot Misses the Net.
9:41 of 3rd period - Shot by J.T. Miller.
9:41 of 3rd period - Shot Blocked by Mark Jankowski.
10:05 of 3rd period - Shot by Pavel Zacha.
10:05 of 3rd period - Shot Blocked by Justin Holl.
10:07 of 3rd period - Shot by David Savard.
10:07 of 3rd period - Stopped by Karel Vejmelka without a rebound.
10:08 of 3rd period - Nick Bonino wins face-off versus Rickard Rakell in Buffalo Sabres zone.
10:19 of 3rd period - Shot by Scott Mayfield.
10:19 of 3rd period - Shot Misses the Net.
10:21 of 3rd period - Shot by Neal Pionk.
10:21 of 3rd period - Stopped by Karel Vejmelka without a rebound.
10:22 of 3rd period - Nick Bonino wins face-off versus Pavel Zacha in Buffalo Sabres zone.
10:56 of 3rd period - Icing by Cam Fowler.
10:57 of 3rd period - Pavel Zacha wins face-off versus Evander Kane in Anaheim Ducks zone.
11:10 of 3rd period - Henri Jokiharju is hit by Viktor Arvidsson and loses puck.
12:59 of 3rd period - Shot by Viktor Arvidsson.
12:59 of 3rd period - Stopped by Karel Vejmelka without a rebound.
13:00 of 3rd period - Nick Bonino wins face-off versus J.T. Miller in Buffalo Sabres zone.
13:16 of 3rd period - Shot by Chandler Stephenson.
13:16 of 3rd period - Deflect By Jordan Kyrou.
13:16 of 3rd period - Stopped by Karel Vejmelka without a rebound.
13:17 of 3rd period - Dylan Cozens wins face-off versus Pavel Zacha in Buffalo Sabres zone.
13:25 of 3rd period - Dylan Cozens is hit by Neal Pionk and loses puck.
13:43 of 3rd period - Ryan Strome is hit by Neal Pionk.
14:01 of 3rd period - Shot by Kyle Okposo.
14:01 of 3rd period - Stopped by Martin Jones without a rebound.
14:02 of 3rd period - J.T. Miller wins face-off versus Nick Bonino in Anaheim Ducks zone.
14:15 of 3rd period - Shot by J.T. Miller.
14:15 of 3rd period - Stopped by Karel Vejmelka without a rebound.
14:16 of 3rd period - Nicklas Backstrom wins face-off versus Calle Jarnkrok in Buffalo Sabres zone.
14:23 of 3rd period - Shot by Marcus Johansson.
14:23 of 3rd period - Shot Misses the Net.
14:26 of 3rd period - Icing by David Savard.
14:27 of 3rd period - Tomas Hertl wins face-off versus Brett Howden in Anaheim Ducks zone.
14:30 of 3rd period - Shot by Alex Tuch.
14:30 of 3rd period - Deflect By Tomas Hertl.
14:30 of 3rd period - Shot Misses the Net.
14:32 of 3rd period - Shot by Alex Tuch.
14:32 of 3rd period - Shot Misses the Net.
15:11 of 3rd period - Erik Johnson is hit by Brett Howden and loses puck.
15:36 of 3rd period - Shot by Jordan Kyrou.
15:36 of 3rd period - Shot Misses the Net.
15:38 of 3rd period - Shot by J.T. Miller.
15:38 of 3rd period - Stopped by Karel Vejmelka with a rebound.
15:40 of 3rd period - Shot by Brayden McNabb.
15:40 of 3rd period - Shot Blocked by Ryan Strome.
16:22 of 3rd period - Shot by Viktor Arvidsson.
16:22 of 3rd period - Deflect By Rickard Rakell.
16:22 of 3rd period - Stopped by Karel Vejmelka without a rebound.
16:23 of 3rd period - Mark Jankowski wins face-off versus Steven Lorentz in Buffalo Sabres zone.
16:51 of 3rd period - Shot by Scott Mayfield.
16:51 of 3rd period - Stopped by Karel Vejmelka with a rebound.
17:09 of 3rd period - Icing by Nick Bonino.
17:10 of 3rd period - Nick Bonino wins face-off versus Viktor Arvidsson in Buffalo Sabres zone.
17:41 of 3rd period - Shot by Jeff Skinner.
17:41 of 3rd period - Stopped by Martin Jones without a rebound.
17:42 of 3rd period - Nicklas Backstrom wins face-off versus J.T. Miller in Anaheim Ducks zone.
18:11 of 3rd period - Shot by Nicklas Backstrom.
18:11 of 3rd period - Shot Misses the Net.
19:01 of 3rd period - Buffalo Sabres, Karel Vejmelka is pulled from the net.
19:25 of 3rd period - Shot by Pavel Zacha.
19:25 of 3rd period - Goal by Pavel Zacha - Anaheim Ducks : 5 - Buffalo Sabres : 3.
19:25 of 3rd period - Karel Vejmelka from Buffalo Sabres was sent back in the game.
19:26 of 3rd period - Tomas Hertl wins face-off versus Steven Lorentz in neutral zone.
19:28 of 3rd period - Off-side.
19:29 of 3rd period - J.T. Miller wins face-off versus Nick Bonino in neutral zone.
19:34 of 3rd period - Shot by Chandler Stephenson.
19:34 of 3rd period - Shot Misses the Net.
19:35 of 3rd period - Minor Penalty to Mattias Samuelsson for Slashing.
19:36 of 3rd period - Mark Jankowski wins face-off versus Rickard Rakell in Buffalo Sabres zone.
19:56 of 3rd period - Icing by Rickard Rakell.
19:57 of 3rd period - Nick Bonino wins face-off versus Rickard Rakell in Anaheim Ducks zone.
Goals for this period are 2 for Anaheim Ducks vs 0 for Buffalo Sabres.
Shots for this period are 17 for Anaheim Ducks vs 10 for Buffalo Sabres.